Unix xNetHack Version 8.0.0 - last build Mar 23 2024 13:42:21 (1964348d4f5f1cf1067ea9968e02252fcc83c468). Game began 2024-03-29 13:29:01, ended 2024-04-07 17:47:37. HungryMotu, chaotic female human Rogue --------- |%$.....| ----- |.......| 5251 51..| |..._...| ---------.2-- --------- |....?..| |.......|...-- --.......-- | |.......| | |.......|4.1.---.........--|. ----|---- .| 5|...@../+45..2-.%.........||.....%.%.....| |...Y...|01..-- ......... ---...%%%...--- |.......|...-- ..%.. -----[----- ---------..-- --|-- --..%[...-- 51 1...| |...--------.........-------- ----- |.........|......(....|...... -------...--...%.....--...- |....--.......--....| ---...----!----...--- |....%..........| ----------------- HungryMotu the Thief St:18/07 Dx:20 Co:17 In:19 Wi:22 Ch:12 Chaotic S:1648164 Astral Plane $:0 HP:232(357) Pw:203(203) AC:-32 Xp:30/766561 T:35751 Hallu Latest messages: That is a silly thing to write on. What do you want to use or apply? [bcfi-knuwxBEFH-JLNP-TV-X or ?*] Never mind. What do you want to use or apply? [bcfi-knuwxBEFH-JLNP-TV-X or ?*] O - a blessed diluted potion of invisibility {20}. What do you want to drink? [O or ?*] You have a peculiar feeling for a moment, then it passes. What do you want to use or apply? [bcfi-knuwxBEFH-JLNP-TV-X or ?*] s - an uncursed diluted potion of see invisible {20}. You hear a chugging sound. What do you want to drink? [s or ?*] This tastes like reconstituted pork belly juice. You can see through yourself, but you are visible! You hear a rumbling noise. There is a high altar to Kos (chaotic) here. What do you want to zap? [bci-knuxFLNPRSWX or ?*] In what direction? Your legs get new energy. What do you want to use or apply? [bcfi-knuwxBEFH-JLNP-TV-X or ?*] Sorry, I don't know how to use that. What do you want to use or apply? [bcfi-knuwxBEFH-JLNP-TV-X or ?*] O - a blessed potion called water {20}. # What do you want to dip? [a-oru-zA-JL-Z or ?*] What do you want to dip an uncursed mithril magic lamp (lit) {11} into? [O or ?*] Your mithril magic lamp glows with a light blue aura. # What do you want to rub? [lI or ?*] You now wield a blessed mithril magic lamp (lit) {11}. In a cloud of smoke, a djinni emerges! The djinni speaks. "I am in your debt. I will grant one wish!" You may wish for an object. s - 2 potions of hallucination {40}. What do you want to drink? [s or ?*] Oh wow! Everything looks so cosmic! There is a high altar to Kos (chaotic) here. # What do you want to sacrifice? [m or ?*] You offer the Amulet of Yendor to Kos... The fat lady sings, and you are bathed in radiance... The voice of Kos tinkles: "Mortal, thou hast done well!" "In return for thy service, I grant thee the gift of Immortality!" You ascend to the status of Demigoddess... Do you want your possessions identified? [ynq] (y) Do you want to see your attributes? [ynq] (y) Do you want an account of creatures vanquished? [ynaq] (y) Do you want a list of extinct species? [ynaq] (y) Do you want to see your conduct and achievements? [ynq] (y) Do you want to see the dungeon overview? [ynq] (y) Inventory: Inventory: 846/950 weight (50/52 slots) Amulets a - an uncursed silver amulet of life saving (being worn) {25} Weapons M - 2 blessed +6 silver daggers (at the ready) {22} U - a blessed corroded +6 silver dagger {11} A - a blessed rustproof +6 long sword (alternate weapon; not wielded) {40} e - the blessed rustproof +6 Stormbringer {40} Armor h - a blessed shatterproof +5 helm of brilliance (being worn) {30} D - a blessed fireproof +3 pair of gauntlets of dexterity (being worn) {8} v - a blessed thoroughly burnt +4 pair of speed boots (being worn) {15} y - a blessed thoroughly burnt +3 cloak of magic resistance (being worn) {8} t - an uncursed +5 Hawaiian shirt with a parrot motif (being worn) {4} q - an uncursed silver-scaled +4 mithril ring mail (being worn) {117} Comestibles g - an uncursed lizard corpse {10} Spellbooks E - the uncursed Book of the Dead {20} Potions s - an uncursed potion of hallucination {20} Rings Z - an uncursed ring of conflict {3} C - an uncursed ring of fire resistance {3} p - a blessed ring of free action (on right hand) {3} Y - an uncursed +3 ring of increase damage {3} G - an uncursed ring of invisibility {3} o - a cursed ring of levitation {3} d - an uncursed ring of protection from shape changers {3} z - an uncursed ring of regeneration {3} K - an uncursed ring of shock resistance (on left hand) {3} r - an uncursed ring of slow digestion {3} Wands W - a wand of cancellation (0:8) {7} P - a wand of cancellation (0:2) {7} x - a wand of cold (0:3) {7} S - a wand of cold (0:1) {7} F - a wand of death (0:6) {7} k - a wand of death (1:4) {7} c - a wand of death (0:0) {7} u - a wand of fire (0:4) {7} i - a wand of locking (0:4) {7} j - a wand of polymorph (0:2) {7} N - a wand of probing (0:2) {7} X - a wand of speed monster (0:0) {7} n - a wand of striking (0:5) {7} R - a wand of striking (0:0) {7} b - a wand of teleportation (0:2) {7} L - a wand of teleportation (0:0) {7} Tools f - a blessed bag of holding containing 63 items {262} T - the Bell of Opening (0:2) {10} B - an uncursed blindfold {2} Q - the cursed Candelabrum of Invocation (0 of 7 candles attached) {10} w - a blessed magic marker (0:21) {2} V - the blessed Master Key of Thievery {3} I - a blessed mithril oil lamp (lit) (wielded) {11} J - an uncursed stethoscope {4} H - a blessed +0 unicorn horn {20} Gems/Stones l - a blessed luckstone {10} Contents of the bag of holding: an uncursed copper amulet of flying an uncursed amulet of magical breathing an uncursed scroll of blank paper an uncursed scroll of blank paper an uncursed scroll of blank paper 3 uncursed scrolls of blank paper an uncursed scroll of blank paper a cursed scroll of blank paper 2 uncursed scrolls of enchant weapon a blessed scroll of identify 3 cursed scrolls of teleportation 2 uncursed scrolls of water a cursed scroll of water a cursed diluted potion of restore ability 18 potions of holy water 6 uncursed potions of water a potion of unholy water 2 uncursed potions of healing 2 blessed diluted potions of invisibility 2 uncursed diluted potions of paralysis an uncursed ring of cold resistance an uncursed ring of conflict an uncursed ring of invisibility an uncursed ring of regeneration an uncursed ring of regeneration an uncursed ring of regeneration an uncursed ring of slow digestion a wand of cold (0:8) a wand of cold (0:8) a wand of death (1:0) a wand of digging (0:5) a wand of digging (0:5) a wand of digging (0:4) a wand of digging (0:2) a wand of digging (0:8) a wand of digging (0:7) a wand of digging (0:6) a wand of speed monster (0:1) a wand of striking (0:5) a wand of striking (0:4) a cursed wand of striking (0:4) a wand of teleportation (0:7) a wand of wishing (0:1) a wand of wishing (0:1) an uncursed lock pick 2 uncursed jet stones an uncursed obsidian stone an uncursed turquoise stone 2 uncursed jade stones an uncursed fluorite stone an uncursed dilithium crystal an uncursed opal 5 uncursed sapphires 6 uncursed garnet stones 3 uncursed chrysoberyl stones 9 uncursed emeralds 3 uncursed amber stones an uncursed agate stone an uncursed jacinth stone 12 uncursed rubies 9 uncursed amethyst stones 7 uncursed diamonds an uncursed touchstone HungryMotu the Rogue's attributes: Background: You were a Thief, a level 30 female human Rogue. You were chaotic, on a mission for Kos who was opposed by Issek (lawful) and Mog (neutral). You were heterosexual. You were in the endgame, on the Astral Plane. You entered the dungeon 35751 turns ago. There was a new moon in effect when your adventure ended. You had 766561 experience points. Your score was 1648164 before end-of-game adjustments. Basics: You had 232 out of 357 hit points. You had all 203 energy points (spell power). Your armor class was -32. Your wallet was empty. Autopickup was off. Final Characteristics: Your strength was 18/07 (limit:18/100). Your dexterity was 20 (base:17, innate limit:18). Your constitution was 17 (limit:18). Your intelligence was 19 (base:14, innate limit:18). Your wisdom was 22 (base:17, innate limit:18). Your charisma was 12 (limit:18). Final Status: You were hallucinating. You were not hungry. You were unencumbered. You were wielding a tool. Final Attributes: You were piously aligned. You were magic-protected. You were fire resistant. You were cold resistant. You were sleep resistant. You were disintegration resistant. You were shock resistant. Your items were protected from electric shocks. You were poison resistant. You saw invisible. You were telepathic. You were warned. You had automatic searching. You were invisible to others. You were stealthy. You aggravated monsters. You could teleport. You had teleport control. You had a moderate defense bonus (+9). You were guarded. You took half physical damage. You were very fast. You had reflection. You had free action. Your life would have been saved. You were lucky. You had extra luck. Good luck did not time out for you. You survived. Miscellaneous: You encountered 2 bones levels. Total elapsed playing time was 14 hours, 29 minutes and 56 seconds. Major events: Turn 1: HungryMotu the chaotic female human Rogue entered the dungeon 605: attained the rank of Cutpurse (level 3) 2488: entered the Gnomish Mines 3777: attained the rank of Rogue (level 6) 4110: destroyed Catomat's ghost, the former Conjurer 6995: entered Sokoban 7221: completed 1st Sokoban level 7762: completed 2nd Sokoban level 8018: completed 3rd Sokoban level 8677: completed 4th Sokoban level 9250: was bestowed with Stormbringer by Kos 10470: acquired the Sokoban bag of holding 11510: attained the rank of Pilferer (level 10) 14769: entered the Bigroom 17279: killed the Master Assassin 17280: found the Master Key of Thievery on the floor 17280: acquired the Bell of Opening 18950: stole 60 zorkmids worth of merchandise from Annootok's general store 19026: made her first wish - "blessed silver dragon scales", got "a set of silver dragon scales" 19343: attained the rank of Robber (level 14) 19938: killed Croesus 21893: killed Medusa 22085: attained the rank of Burglar (level 18) 22352: wished for "blessed greased fixed +2 helm of brilliance", got "a greased crystal helmet" 22371: wished for "blessed fixed +2 gauntlets of dexterity", got "a pair of padded gloves" 22422: wished for "blessed magic marker", got "a magic marker" 24592: attained the rank of Filcher (level 22) 24958: entered Gehennom 26111: destroyed Vlad the Impaler 26115: acquired the Candelabrum of Invocation 26279: killed Cerberus 26537: wished for "3 +0 silver daggers", got "3 daggers" 27833: found Sunsword carried by a monster 28746: killed Orcus 28752: attained the rank of Magswoman (level 26) 29593: killed Demogorgon 29928: wished for "blessed magic marker", got "a magic marker" 30220: killed the invisible Dispater 30435: killed Juiblex 30436: killed Juiblex (for the 2nd time) 30581: killed Juiblex (for the 3rd time) 30638: killed Juiblex (for the 5th time) 30804: killed Yeenoghu 31337: killed Geryon 31702: killed Baalzebub 32538: killed Asmodeus 33098: wished for "blessed ring of free action", got "a shiny ring" 33101: attained the rank of Thief (level 30) 33931: killed the invisible Wizard of Yendor 33933: acquired the Book of the Dead 33962: performed the invocation 33971: killed the Wizard of Yendor (for the 2nd time; on level 35, Gehennom) 34029: killed the Wizard of Yendor (for the 3rd time; on level 35, Gehennom) 34229: killed the high priest of Moloch 34264: acquired The Amulet of Yendor 35388: entered the Elemental Planes 35388: entered Plane of Earth 35389: killed the Wizard of Yendor (for the 5th time; on the Plane of Earth) 35406: entered Plane of Air 35459: entered Plane of Fire 35523: entered Plane of Water 35623: entered the Astral Plane 35634: killed Pestilence 35664: killed Pestilence (for the 2nd time) 35712: killed Death 35715: killed Death (for the 2nd time) 35750: wished for "2 potions of hallucination", got "2 potions of hallucination" 35751: ascended Vanquished creatures: Demogorgon Asmodeus Baalzebub Dispater Geryon Orcus Yeenoghu Juiblex (6 times) the Wizard of Yendor (5 times) Death (twice) Pestilence (twice) Vlad the Impaler 3 arch-liches a high cleric Medusa Croesus 2 krakens 9 iron golems 7 master liches 3 ki-rin 4 storm giants a titan a balrog Cerberus 3 purple worms 3 gray dragons 2 gold dragons 3 silver dragons 8 red dragons 8 white dragons 5 orange dragons 8 black dragons 2 blue dragons 10 green dragons 5 yellow dragons 13 minotaurs 4 jabberwocks the Master Assassin 6 baluchitheria 3 Angels 3 demiliches 5 stone golems 12 Olog-hai 4 master mind flayers 2 Nazgul 29 pit fiends 2 sandestins 7 hell hounds 4 displacer beasts 3 titanotheres 3 trappers a baby gold dragon 23 guardian nagas 5 disenchanters 4 genetic engineers 33 vampire leaders 29 shades 97 skeletons 21 aligned clerics 7 captains 18 liches a clay golem 6 nurses 21 ice devils 16 nalfeshnees a mumak 4 lurkers above 2 Aleaxes 4 ettins 3 golden nagas 16 black puddings 37 vampires 4 lieutenants a ranger 5 winged gargoyles 11 giant mimics 3 orc-captains 2 long worms 9 zruties a fire giant 9 ogre tyrants 5 elven monarchs 4 ice trolls 4 umber hulks 2 mind flayers 3 flesh golems 19 hezrous 28 bone devils 2 large mimics 2 wumpuses a fire vortex a baby purple worm 9 couatls 12 stalkers 4 air elementals 8 fire elementals an earth elemental 5 water elementals 3 hill giants 2 giant mummies a black naga 2 elf-nobles 10 xorns 18 giant zombies 21 sergeants 4 water demons 45 barbed devils 24 vrocks 3 salamanders 5 wargs 5 winter wolves a hell hound pup 26 small mimics 2 glass piercers 4 warhorses a steam vortex 10 xans 2 ettin mummies 3 ogre leaders 20 trolls a quantum mechanic a sasquatch 3 wood golems 4 erinyes 19 mariliths 4 sharks 10 electric eels 2 gelatinous cubes 2 large dogs 3 freezing spheres a flaming sphere 3 shocking spheres 3 large cats 3 tigers 2 gargoyles 15 tengu 8 ochre jellies 11 leocrottas 3 energy vortices 2 mountain centaurs 4 stone giants 5 elf mummies a human mummy 8 red nagas 9 green slimes a Grey-elf 3 pythons 2 pit vipers 5 cobras 51 wraiths 5 carnivorous apes 21 ettin zombies 119 soldiers 20 amorous demons 31 horned devils 24 chameleons 3 crocodiles 20 giant beetles 7 quivering blobs 28 cockatrices 2 wolves a winter wolf cub 2 lynxes 3 panthers 22 gremlins 3 spotted jellies 93 leprechauns 5 mountain nymphs 3 iron piercers 18 giant spiders 3 scorpions 2 horses 6 ice vortices 4 black lights 7 vampire bats 3 forest centaurs 3 gnome rulers 7 orc mummies 3 dwarf mummies an ogre 15 brown puddings a Green-elf 6 rust monsters 6 owlbears 5 yetis 2 gold golems 2 werewolves 9 piranha 19 giant eels 11 lizards 9 chickatrices 3 dingoes 3 dogs 2 housecats 4 jaguars 10 blue jellies 16 water nymphs a white unicorn a gray unicorn a black unicorn 3 dust vortices 3 ravens 2 plains centaurs a Kop Kaptain 4 gnome mummies 3 Woodland-elves 8 snakes 5 water moccasins 62 ghosts 4 apes 23 human zombies 3 rope golems 27 soldier ants 10 fire ants 7 imps 17 lemures 6 quasits 5 wood nymphs 15 bugbears 2 Mordor orcs an Uruk-hai 2 orc shamans 5 rock piercers 4 rock moles 8 ponies 3 fog clouds 14 yellow lights 8 shriekers 5 violet fungi 5 black molds 17 gnome leaders 5 gnomish wizards 3 Kop Lieutenants 5 kobold mummies a red naga hatchling a black naga hatchling a golden naga hatchling a guardian naga hatchling 7 gray oozes 5 barrow wights 20 elf zombies 31 ghouls a straw golem 2 paper golems 9 jellyfish 21 giant ants a little dog 7 floating eyes 4 kittens 16 dwarves 7 homunculi 3 kobold leaders 2 kobold shamans 7 hill orcs 8 rothes 5 rabid rats a centipede 4 giant bats 7 Kop Sergeants a monkey 18 orc zombies 14 dwarf zombies 2 wererats 3 werejackals 9 iguanas 17 killer bees 47 giant flies 4 acid blobs a coyote a gas spore 5 hobbits 16 manes 3 large kobolds 14 hobgoblins 8 giant rats 8 cave spiders 7 brown molds 9 yellow molds 4 green molds 5 red molds 56 gnomes 15 Keystone Kops 5 garter snakes 18 gnome zombies 16 geckos 4 jackals 4 foxes 3 kobolds 3 goblins 9 sewer rats 11 grid bugs 8 bats 16 lichens 26 kobold zombies 12 newts and a partridge in a pear tree 2584 creatures vanquished. Extinct species: soldiers (extinct) 1 species extinct. Voluntary challenges: You read items or engraved 175 times. You never genocided any monsters. You never polymorphed an object. You never changed form. You used 8 wishes. You did not wish for any artifacts. You were celibate. You did not violate any of the special Sokoban rules. Achievements: You attained the rank of Cutpurse. You entered a shop. You entered the Gnomish Mines. You attained the rank of Rogue. You entered Sokoban. You completed Sokoban. You entered a temple. You attained the rank of Pilferer. You entered the Big Room. You had the Bell of Opening. You attained the rank of Robber. You defeated Medusa. You attained the rank of Burglar. You attained the rank of Filcher. You entered Gehennom. You had the Candelabrum of Invocation. You attained the rank of Magswoman. You attained the rank of Thief. You had the Book of the Dead. You gained access to Moloch's Sanctum. You reached the Elemental Planes. You reached the Astral Plane. You delivered the Amulet of Yendor. You ascended! Dungeon overview: The Elemental Planes: Astral Plane: <- You are here. Some temples. Plane of Water: Plane of Fire: Plane of Air: Plane of Earth: The Dungeons of Doom: levels 1 to 25 Level 1: An altar to Kos. One way stairs up to The Elemental Planes. Level 2: A wand shop. Level 3: Level 4: A fountain. Stairs down to The Gnomish Mines. Level 5: A grave. Final resting place for Catomat-Wiz-Hum-Fem-Neu, killed by a kitten. Level 6: Level 7: A general store. Level 8: Some fountains, many trees. Oracle of Delphi. Level 9: A grave. Stairs up to Sokoban, level 8. Level 10: A grave. Level 11: A tree. Level 12: An altar to Kos, a tree. Level 13: Many graves. Level 14: A very big room. Portal to The Quest. Level 15: Portal to Fort Ludios. Level 16: A fountain, a grave. Level 17: A fountain. Level 18: An altar to Kos. Level 19: Level 20: Some fountains. Level 21: A fountain, a grave, a tree. Level 22: A fountain. Final resting place for DragonSidedD-Mon-Hum-Mal-Cha, petrified by a cockatrice. Level 23: Level 24: Level 25: The castle. Connection to Gehennom. Gehennom: levels 26 to 35 Level 26: A temple, many graves. Valley of the Dead. Level 27: Stairs up to Vlad's Tower, level 26. Level 28: Stairs down to Cocytus. Level 29: Stairs down to Asphodel. Level 30: Many trees. Stairs down to Shedaklah. Level 31: A temple, many graves. Stairs up to The Citadel of Dis, level 30. Level 32: Stairs down to The Abyss. Level 33: A temple. Stairs up to The Wizard's Tower, level 32. Level 34: Level 35: A temple, many graves. Moloch's Sanctum. The Gnomish Mines: levels 5 to 13 Level 5: Level 6: Level 7: Level 8: Many shops, a temple, some fountains. Level 9: Level 10: Level 11: Level 12: Level 13: A fountain. The Quest: levels 1 to 6 Level 1: Completed quest for the Master of Thieves. Level 2: Level 3: Level 4: Level 5: Level 6: Sokoban: levels 8 up to 5 Level 5: Solved. Level 6: Solved. Level 7: Solved. Level 8: Solved. Fort Ludios: Level 1: A throne. Fort Ludios. Vlad's Tower: levels 26 up to 23 Level 23: Level 24: Level 25: Level 26: Cocytus: levels 29 to 31 Level 29: Level 30: Level 31: Asphodel: Level 30: Shedaklah: levels 31 to 32 Level 31: A fountain. Level 32: The Citadel of Dis: Level 30: The Abyss: levels 33 to 35 Level 33: Level 34: Stairs down to Tartarus. Level 35: An untended shop, an altar, many graves. Tartarus: Level 35: The Wizard's Tower: levels 32 up to 30 Level 30: Level 31: Level 32: Goodbye HungryMotu the Demigoddess... You went to your reward with 3511378 points, Stormbringer (worth 8000 buckazoids and 20000 points) The Book of the Dead (worth 10000 fretzers and 25000 points) The Candelabrum of Invocation (worth 5000 buckazoids and 12500 points) The Bell of Opening (worth 5000 spondulix and 12500 points) The Master Key of Thievery (worth 3500 spacebucks and 8750 points) 12 rubies (worth 42000 buckazoids), 9 emeralds (worth 22500 nanites), 9 amethyst stones (worth 5400 kongbucks), 7 diamonds (worth 28000 quatloos), 6 garnet stones (worth 4200 Platinum Yendorian Express Frequent Flier Miles), 5 sapphires (worth 15000 Flanian Pobble Beads), 3 amber stones (worth 3000 cubits), 3 chrysoberyl stones (worth 2100 Triganic Pus), 2 jet stones (worth 1700 cursed doubloons), 2 jade stones (worth 600 cursed doubloons), 1 dilithium crystal (worth 4500 Triganic Pus), 1 jacinth stone (worth 3250 cirbozoids), 1 turquoise stone (worth 2000 Hong Kong Luna Dollars), 1 opal (worth 800 Platinum Yendorian Express Frequent Flier Miles), 1 fluorite stone (worth 400 cursed doubloons), 1 obsidian stone (worth 200 Ankh-Morpork Dollars), 1 agate stone (worth 200 spacebucks), 1 amulet of life saving (worth 150 Triganic Pus), 1 amulet of magical breathing (worth 150 quatloos), 1 amulet of flying (worth 150 Hong Kong Luna Dollars), and 0 pieces of gold, after 35751 moves. You were level 30 with a maximum of 357 hit points when you ascended.